 Dungeon Crawl Stone Soup version 0.28-a0-1616-g050a50673c (console) character file.

Game seed: 4459130014538124408

13120 Melian the Warrior (level 11, -2/114 HPs)
             Began as a Minotaur Berserker on Jan 22, 2022.
             Was a High Priest of Trog.
             Slain by a troll (11 damage)
             ... on level 12 of the Dungeon.
             The game lasted 00:36:04 (12162 turns).

Melian the Warrior (Minotaur Berserker)            Turns: 12162, Time: 00:36:04

Health: -2/114     AC: 16    Str: 28    XL:     11   Next: 71%
Magic:  10/10      EV:  7    Int:  4    God:    Trog [*****.]
Gold:   369        SH: 13    Dex: 10    Spells: 10/10 levels left

rFire   + . .      SeeInvis .   q - +0 war axe
rCold   . . .      Faith    .   A - +2 kite shield
rNeg    . . .      Spirit   .   C - +0 chain mail
rPois   +          Reflect  +   E - +2 hat
rElec   .          Harm     .   (no cloak)
rCorr   .          Rampage  .   d - +2 pair of gloves {hurl}
Will    .....      Clarity  +   n - +1 pair of boots
Stlth   ..........              z - amulet of reflection
HPRegen 0.29/turn               B - ring of poison resistance
MPRegen 0.12/turn               (no ring)

@: on berserk cooldown, slowed, very slow
A: horns 2, retaliatory headbutt, clarity, fire resistance 1, strong 1
a: Renounce Religion, Berserk, Trog's Hand, Brothers in Arms


You were on level 12 of the Dungeon.
You worshipped Trog.
Trog was extremely pleased with you.
You visited 1 branch of the dungeon, and saw 13 of its levels.
You also visited: Ossuary.

You collected 670 gold pieces.
You spent 301 gold pieces at shops.

Inventory:

Hand Weapons
 a - a +0 hand axe
 k - a +2 whip of holy wrath
 q - a +0 war axe (weapon)
Missiles
 f - 3 throwing nets (quivered)
Armour
 d - a +2 pair of gloves of hurling (worn)
 n - a +1 pair of boots (worn)
 A - a +2 kite shield (worn)
 C - a +0 chain mail (worn)
 E - a +2 hat (worn)
Jewellery
 z - an amulet of reflection (around neck)
 B - a ring of poison resistance (left hand)
Wands
 e - a wand of acid (3)
 o - a wand of digging (2)
 p - a wand of mindburst (9)
 t - a wand of charming (4)
 y - a wand of flame (22)
 F - a wand of iceblast (12)
Scrolls
 g - 10 scrolls of teleportation
 s - 4 scrolls of magic mapping
 u - 3 scrolls of identify
Potions
 b - 4 potions of might
 c - a potion of resistance {unknown}
 i - 8 potions of curing
 j - 5 potions of heal wounds
 l - 2 potions of haste
 m - 2 potions of lignification
 v - a potion of brilliance {unknown}
 x - 2 potions of mutation
 D - 2 potions of attraction
Miscellaneous
 h - a piece from Xom's chessboard (15/15)


   Skills:
 + Level 16.0 Fighting
 + Level 16.0 Axes
 - Level 2.6 Armour
 - Level 2.4 Dodging


You had 10 spell levels left.
You didn't know any spells.
Your spell library was empty.

Dungeon Overview and Level Annotations

Branches:
Dungeon (13/15)            Temple (0/1) D:7            Lair (0/6) D:10
Ossuary (visited)
    Orc: D:9-12      Vaults: D:13-14

Altars:
Ashenzari
Cheibriados
Gozag
Kikubaaqudgha
Makhleb
Nemelex Xobeh
Ru
Sif Muna
Trog
Uskayaw
Wu Jian
Zin

Shops:
D:1 [[

Annotations:
D:6 3 runed translucent doors, murtidash's ghost, novice DjWz
D:12 Frances


Innate Abilities, Weirdness & Mutations

You have a pair of horns on your head.
You reflexively headbutt those who attack you in melee.
You possess an exceptional clarity of mind.
Your flesh is heat resistant. (rF+)
Your muscles are strong. (Str +2)


Message History

Your Fighting skill increases to level 16!
Your Axes skill increases to level 16!
A green ugly thing comes into view.
You miss the vampire mosquito.
Your headbutt misses the vampire mosquito.
The vampire mosquito bites you but does no damage.
The vampire mosquito bites you.
* * * LOW HITPOINT WARNING * * *
The vampire mosquito draws strength from your injuries!
You slash the vampire mosquito!
The vampire mosquito is heavily damaged.
The sentinel's mark upon you fades away.
You block the vampire mosquito's attack.
The vampire mosquito closely misses you.
You block the vampire mosquito's attack.
You slash the vampire mosquito!
The vampire mosquito is almost destroyed.
You block the vampire mosquito's attack. x2
A troll comes into view.
The vampire mosquito barely misses you.
Frances, Duchess of Pandemonium comes into view.
She is wielding a +0 long sword.
You slice the vampire mosquito!!
You destroy the vampire mosquito!
Trog accepts your kill.
You barely miss the troll. The troll bites you.
* * * LOW HITPOINT WARNING * * *
You block the troll's attack. The troll claws you.
* * * LOW HITPOINT WARNING * * *
You slice the troll!!
The troll is severely wounded.
The troll bites you.
* * * LOW HITPOINT WARNING * * *
The troll barely misses you. You block the troll's attack.
A two-headed ogre comes into view.
It is wielding a +0 giant spiked club and a +0 giant club.
Frances says, "Would you challenge me, knowing my power?"
The troll bites you but does no damage. You block the troll's attack.
The troll claws you but does no damage.
You hit the troll but do no damage.
The troll is heavily wounded.
The troll bites you!
You die...

.. ≈..
#############≈≈.$
≈≈≈≈≈≈≈≈≈≈≈≈≈≈≈..
≈≈≈≈≈≈≈≈≈≈≈≈≈≈≈..
....KKTO.........
#####oo.###.#...
#O@## #u## #T#
##@# # #†)# .#
#)## #. #.# ###.
#.# #.. #.# #.#
#.# #.# #.# #.#
#.# #.# #.# #.#
#.# #†#


You could see Frances, a green ugly thing, 2 two-headed ogres, 2 trolls, 2 orc
priests and a kobold.

Vanquished Creatures
  A hydra (D:12)
  A boulder beetle (D:10)
  Erica (D:8)
  The ghost of swinepaste the Arsonist, a novice DEFE (D:7)
  2 gargoyles
  A kobold demonologist (D:12)
  2 trolls
  A hornet (D:8)
  Grinder (D:5)
  A water elemental (D:12)
  A wyvern (D:8)
  A shadow (D:5)
  5 yaks (D:11)
  14 vampire mosquitoes
  A water moccasin (D:7)
  An ice beast (D:5)
  A sky beast (D:4)
  3 necrophages
  A black bear (D:8)
  An orc warrior (D:9)
  A hornet zombie (D:9)
  5 ogres
  2 centaurs (D:8)
  3 phantoms
  3 kobold brigands
  An elf zombie (Ossuary)
  2 bullfrogs
  A scorpion (D:6)
  A water moccasin zombie (D:4)
  A wyvern skeleton (D:7)
  2 water moccasin skeletons (D:4)
  2 electric eels (D:6)
  3 howler monkeys (D:9)
  5 wights (D:9)
  2 bullfrog zombies
  2 human zombies (Ossuary)
  9 centaur zombies
  3 hounds
  3 centaur skeletons
  7 orc priests
  A bullfrog skeleton (D:6)
  2 gnoll shamans
  An iguana (D:4)
  A scorpion zombie (D:4)
  4 orc wizards (D:5)
  A killer bee zombie (D:7)
  4 hound zombies (D:4)
  A hound skeleton (D:5)
  3 mummies
  2 howler monkey zombies
  10 gnolls
  5 adders
  3 white imps
  3 adder zombies
  An adder skeleton (D:4)
  A worm (D:3)
  9 dart slugs
  21 orcs
  6 ball pythons
  4 endoplasms
  4 giant cockroaches
  2 goblins (D:3)
  8 hobgoblins
  13 kobolds
  3 quokkas
  6 bats
  4 frilled lizards
  3 goblin zombies (Ossuary)
  7 hobgoblin zombies (Ossuary)
  A jackal zombie (Ossuary)
  8 kobold zombies (Ossuary)
  12 orc zombies (Ossuary)
  7 rats
260 creatures vanquished.

Vanquished Creatures (collateral kills)
  Gastronok (D:8)
1 creature vanquished.

Vanquished Creatures (others)
  2 plants (D:1)
2 creatures vanquished.

Grand Total: 263 creatures vanquished

Notes
Turn   | Place    | Note
-------+----------+-------------------------------------------
     0 | D:1      | Melian the Minotaur Berserker began the quest for the Orb.
     0 | D:1      | Reached XP level 1. HP: 19/19 MP: 0/0
   272 | D:1      | Found Ilihit's Armour Emporium.
   320 | D:1      | Found Vaqex's Antique Armour Shoppe.
   363 | D:1      | Found a faded altar of an unknown god.
   368 | D:1      | Reached XP level 2. HP: 27/27 MP: 1/1
  1169 | D:2      | Reached XP level 3. HP: 32/34 MP: 2/2
  1810 | D:3      | Found a sparkling altar of Nemelex Xobeh.
  1839 | D:3      | Reached ** piety under Trog
  1894 | D:3      | Reached XP level 4. HP: 34/41 MP: 3/3
  2105 | D:3      | Found a burning altar of Makhleb.
  2139 | D:3      | Reached skill level 5 in Fighting
  2139 | D:3      | Reached skill level 5 in Axes
  2448 | D:3      | Reached XP level 5. HP: 48/48 MP: 4/4
  2783 | D:4      | Noticed a sky beast
  2806 | D:4      | Killed a sky beast
  2807 | D:4      | Reached XP level 6. HP: 33/58 MP: 5/5
  3215 | D:4      | Found an ancient bone altar of Kikubaaqudgha.
  3259 | D:4      | Reached XP level 7. HP: 65/66 MP: 6/6
  3756 | D:5      | Entered Level 5 of the Dungeon
  4141 | D:5      | Noticed a shadow
  4143 | D:5      | Noticed Grinder
  4153 | D:5      | Killed a shadow
  4158 | D:5      | Killed Grinder
  4159 | D:5      | Reached XP level 8. HP: 75/75 MP: 7/7
  4556 | D:5      | Reached *** piety under Trog
  5633 | D:6      | Reached skill level 10 in Fighting
  5633 | D:6      | Reached skill level 10 in Axes
  5928 | D:6      | Noticed murtidash's ghost (novice DjWz)
  5949 | D:6      | Reached XP level 9. HP: 23/86 MP: 8/8
  6282 | D:6      | Found a runed translucent gate.
  6282 | D:6      | Found a runed translucent gate.
  6282 | D:6      | Found a runed translucent gate.
  7155 | D:7      | Found a staircase to the Ecumenical Temple.
  7503 | D:7      | Found an ornate altar of the Wu Jian Council.
  7504 | D:7      | Found a glowing silver altar of Zin.
  7504 | D:7      | Found a broken altar of Ashenzari.
  7506 | D:7      | Found an opulent altar of Gozag.
  7506 | D:7      | Found a sacrificial altar of Ru.
  7508 | D:7      | Found a bloodstained altar of Trog.
  7509 | D:7      | Found a hide-covered altar of Uskayaw.
  7871 | D:7      | Found a runed translucent gate.
  7871 | D:7      | Found a runed translucent gate.
  7875 | D:7      | Found a runed translucent gate.
  7875 | D:7      | Noticed swinepaste's ghost (novice DEFE)
  7890 | D:7      | Killed swinepaste's ghost
  8303 | D:1      | Bought a +2 pair of gloves of hurling for 301 gold pieces
  8461 | D:8      | Paralysed by a hornet for 2 turns
  8647 | D:8      | Reached **** piety under Trog
  8888 | D:8      | Reached XP level 10. HP: 97/99 MP: 9/9
  8962 | D:8      | Found a sand-covered staircase.
  8973 | Ossuary  | Entered an ossuary
  9174 | Ossuary  | Reached ***** piety under Trog
  9257 | Ossuary  | Gained mutation: Your flesh is heat resistant. (rF+)
                  | [potion of mutation]
  9257 | Ossuary  | Gained mutation: You possess an exceptional clarity of
                  | mind. [potion of mutation]
  9257 | Ossuary  | Gained mutation: Your muscles are strong. (Str +2) [potion
                  | of mutation]
  9647 | D:8      | Noticed Erica
  9660 | D:8      | Killed Erica
  9660 | D:8      | Noticed Gastronok
  9674 | D:8      | Killed Gastronok
 10759 | D:10     | Entered Level 10 of the Dungeon
 10759 | D:10     | Found a snail-covered altar of Cheibriados.
 10821 | D:10     | Found a shimmering blue altar of Sif Muna.
 10889 | D:10     | Found a staircase to the Lair.
 11263 | D:10     | Noticed a boulder beetle
 11284 | D:10     | Killed a boulder beetle
 11285 | D:10     | Reached XP level 11. HP: 93/111 MP: 10/10
 11662 | D:11     | Reached skill level 15 in Fighting
 11662 | D:11     | Reached skill level 15 in Axes
 11760 | D:11     | Noticed a five-headed hydra
 11760 | D:11     | You fall into a shaft and drop 2 floors!
 12134 | D:12     | Noticed a five-headed hydra
 12155 | D:12     | Killed an 11-headed hydra
 12155 | D:12     | Noticed a two-headed ogre
 12156 | D:12     | Noticed a green ugly thing
 12159 | D:12     | Noticed Frances
 12161 | D:12     | Noticed a two-headed ogre
 12162 | D:12     | Slain by a troll

Illustrated notes

Levels and vault maps discovered:
D:1:      dpeg_arrival_three_smaller_balls, layout_loops_ring, serial_shops,
          shop_statue, nicolae_shop_overgrown_old_shop,
          shapermc_ecumenical_altar_venn
D:2:      layout_loops_cross, minmay_distorted
D:3:      minmay_wonky_spiral, layout_loops_ring, mainiacjoe_overflow_paths,
          bloody_makhleb, kennysheep_minor_cross
D:4:      layout_basic, overflow_temple_1_default, serial_undead,
          serial_undead_f, serial_undead_f, serial_undead_d, serial_undead_a
D:5:      layout_basic, uniq_grinder
D:6:      kennysheep_slugbush, layout_basic, gammafunk_ghost_icy, minivault_22,
          eino_curves_03
D:7:      layout_basic, grunt_temple_overflow_open, temple_pool_b,
          ebering_ghost_rock_garden
D:8:      layout_basic, gup_ossuary_entry_pyramid, uniq_gastronok, uniq_erica
D:9:      layout_loops_ring
D:10:     layout_irregular_city, amcnicky_altar_gilded,
          nicolae_sif_muna_little_library, lair_entry_dummy
D:11:     layout_loops_ring, uniq_maurice
D:12:     layout_loops_ring, erik_orc_2, special_room [special_room_orc],
          uniq_frances
D:13:     layout_roguey

Skill      XL: |  1  2  3  4  5  6  7  8  9 10 11 |
---------------+----------------------------------+-----
Fighting       | 4 5 6 7 8 10 12 14 16 | 16.0
Axes           | 4 5 6 7 8 10 12 14 16 | 16.0
Armour         | |  2.6
Dodging        | |  2.4

Action                   |  1- 3 |  4- 6 |  7- 9 | 10-12 || total
-------------------------+-------+-------+-------+-------++-------
Melee: Hand axe          |    95 |   147 |    66 |       ||   308
       Headbutt          |    16 |    24 |    46 |    47 ||   133
       War axe           |       |       |   169 |   275 ||   444
Invok: Berserk           |       |     1 |     4 |     8 ||    13
       Brothers in Arms  |       |       |       |     1 ||     1
Evoke: Wand              |       |       |     8 |     3 ||    11
  Use: Scroll            |       |       |     7 |     8 ||    15
       Potion            |       |       |     1 |     1 ||     2
 Stab: Sleeping          |     1 |       |       |       ||     1
Armor: Animal skin       |    13 |       |       |       ||    13
       Scale mail        |    10 |    75 |    75 |    28 ||   188
       Chain mail        |       |       |       |   107 ||   107
Dodge: Dodged            |    43 |    49 |    48 |    69 ||   209
Block: Kite shield       |    19 |    44 |    58 |   154 ||   275
       Reflection        |       |       |     1 |     5 ||     6

Table legend: (Time is in decaauts)
 A = Elapsed time spent in this place.
 B = Non-inter-level travel time spent in this place.
 C = Inter-level travel time spent in this place.
 D = Time resting spent in this place.
 E = Time spent auto-exploring this place.
 F = Levels seen in this place.
 G = Mean time per level.
                   A        B        C        D        E       F      G
               +--------+--------+--------+--------+--------+-----+--------+
         Total |  12355 |  11862 |    493 |      0 |   8995 |  14 |  882.5 |
       Dungeon |  12066 |  11573 |    493 |      0 |   8847 |  13 |  928.2 |
       Ossuary |    289 |    289 |      0 |      0 |    148 |   1 |  289.0 |
               +--------+--------+--------+--------+--------+-----+--------+

Top non-repeatable levels by time:
     D:5: 1901 daAuts
     D:6: 1586 daAuts
     D:8: 1223 daAuts
     D:4: 1216 daAuts
     D:7: 1096 daAuts
     D:1: 1011 daAuts
     D:2: 907 daAuts
     D:9: 860 daAuts
     D:3: 852 daAuts
    D:10: 822 daAuts
 Ossuary: 289 daAuts
    D:12: 237 daAuts
    D:11: 181 daAuts
    D:13: 168 daAuts
